 Dungeon Crawl Stone Soup version 0.17.0-28-g6e173f8 (webtiles) character file.

43 HandofTrog the Chopper (level 3, 0/34 HPs)
             Began as a Naga Berserker on Dec 3, 2015.
             Was a Believer of Trog.
             Killed from afar by Natasha (8 damage)
             ... with a magic dart
             ... on level 2 of the Dungeon.
             The game lasted 00:07:39 (2180 turns).

HandofTrog the Chopper (Naga Berserker)             Turns: 2180, Time: 00:07:42

Health: 0/34       AC:  2    Str: 20    XL:     3   Next: 58%
Magic:  3/3        EV:  9    Int:  7    God:    Trog [**....]
Gold:   123        SH:  0    Dex: 10    Spells: 0 memorised, 2 levels left

rFire  + . .     SeeInvis +     a - +0 hand axe
rCold  . . .     Clarity  .     b - +0 animal skin
rNeg   . . .     SustAt   .     (no shield)
rPois  +         Gourm    .     (no helmet)
rElec  .         Spirit   .     (no cloak)
rCorr  +         Warding  .     (no gloves)
rMut   .         Rnd*Tele +     (no barding)
MR     .....                    c - amulet of resist corrosion
Stlth  +.........               j - ring of protection from fire
                                h - ring of teleportation (curse)

@: very slow, not resistant to hostile enchantments, very unstealthy
A: see invisible, deformed body, poison resistance, slowness 2, slow metabolism
1, spit poison 2, AC +1
a: Spit Poison, Berserk, Trog's Hand, Burn Spellbooks, Renounce Religion, Evoke
Teleportation


You were on level 2 of the Dungeon.
You worshipped Trog.
Trog was pleased with you.
You were not hungry.

You visited 1 branch of the dungeon, and saw 2 of its levels.

You collected 123 gold pieces.

Inventory:

Hand Weapons
 a - a +0 hand axe (weapon)
 f - a +0 short sword of venom
Missiles
 e - 78 stones (quivered)
Armour
 b - a +0 animal skin (worn)
Jewellery
 c - an amulet of resist corrosion (around neck)
 h - a cursed ring of teleportation (left hand)
 j - a ring of protection from fire (right hand)
Scrolls
 g - a scroll of enchant weapon {unknown}
 k - a scroll of enchant armour {unknown}
Potions
 d - 2 potions of might {unknown}
 i - a potion of curing
 m - a potion of poison {unknown}
Books
 l - a book of Minor Magic

   Spells                             Type                      Level
   a - Magic Dart                     Conjuration                  1
   b - Blink                          Translocation                2
   c - Call Imp                       Summoning                    2
   d - Repel Missiles                 Charms/Air                   2
   e - Slow                           Hexes                        2
   f - Conjure Flame                  Conjuration/Fire             3
   g - Mephitic Cloud                 Conjuration/Poison/Air       3
   Trog disapproves of the use of such an item.


   Skills:
 - Level 3.0 Fighting
 + Level 4.4 Axes
 - Level 1.5 Armour
 - Level 1.5 Dodging


You had 2 spell levels left.
You didn't know any spells.

Dungeon Overview and Level Annotations

Branches:
Dungeon (2/15)

Altars:

Annotations:
D:2 Natasha


Innate Abilities, Weirdness & Mutations

You cannot wear boots.
Your serpentine skin is tough (AC +1).
You have supernaturally acute eyesight.
Armour fits poorly on your strangely shaped body.
Your system is resistant to poisons.
You cover ground very slowly.
You have a slow metabolism.
You can spit poison.


Message History

You hit Natasha.
Natasha is heavily wounded.
Natasha barely misses you.
You hit Natasha but do no damage.
Natasha is heavily wounded.
Natasha casts a spell.
You hit Natasha but do no damage.
Natasha is heavily wounded.
You hit the iron imp but do no damage. Natasha closely misses you.
You miss Natasha.
Natasha is heavily wounded.
You hit the iron imp but do no damage. The iron imp hits you!
Natasha claws you.
You closely miss Natasha.
Natasha is heavily wounded.
You hit the iron imp but do no damage. The iron imp hits you!
* * * LOW HITPOINT WARNING * * *
Natasha casts a spell at you. The magic dart hits you!
You die...

#######
########....ยง# ###
#..........#5#
..###.##########@#
..'............h.#
..###.############ ..#
#.#.# ###.#### ### .##
#...# #...... ..# .#
###.# #.....# #.# .#
#.###...#.### #.# .#
#...........# #.# .#
#....<....#.######.###


You could see an iron imp and Natasha.

Vanquished Creatures
  An adder (D:2)
  A worm (D:2)
  2 giant geckos
  3 bats
  4 hobgoblins
  5 jackals
  5 kobolds
  5 goblins
  5 rats
31 creatures vanquished.

Notes
Turn   | Place    | Note
--------------------------------------------------------------
     0 | D:1      | HandofTrog the Naga Berserker began the quest for the Orb.
     0 | D:1      | Reached XP level 1. HP: 21/21 MP: 1/1
   300 | D:1      | Reached XP level 2. HP: 22/28 MP: 2/2
   970 | D:2      | Reached skill level 4 in Axes
   970 | D:2      | Reached XP level 3. HP: 29/34 MP: 3/3
  1162 | D:2      | Reached ** piety under Trog
  2170 | D:2      | Noticed Natasha
  2180 | D:2      | Killed from afar by Natasha

Action                   || total
-------------------------++-------
Melee: Hand axe          ||    96
Throw: Stone             ||     4
Invok: Berserk           ||     1
 Abil: Spit Poison       ||     1
  Use: Scroll            ||     3
  Eat: Bread ration      ||     1
